Rock Island Raccoons vs Quebec Remparts
Created - Thursday, November 7, 2024 at 07:43
Goals
|
| Rock Island Raccoons |
2 |
3 |
2 |
7 |
| Quebec Remparts |
2 |
1 |
5 |
8 |
|
Shots
|
| Rock Island Raccoons |
16 |
14 |
13 |
43 |
| Quebec Remparts |
11 |
9 |
18 |
38 |
|
1st period
1. Rock Island Raccoons , Darren Helm 16 (Kyle Burroughs 21, Alex Lyon) at 8:23 (PP)
2. Rock Island Raccoons , Craig Smith 43 (Kyle Burroughs 22) at 9:07
3. Quebec Remparts , Adam Edstrom 19 (Nick Robertson 44, Kevin Rooney 45) at 16:34
4. Quebec Remparts , Nick Robertson 37 (Ryan Shea 21) at 18:50
Penalties :
Rasmus Kupari (QUE) for Tripping (Minor) at 7:36, Donovan Sebrango (RIR) for Delaying the game (Minor) at 13:45, Erik Gustafsson (RIR) for Hooking (Minor) at 18:53
2nd period
5. Rock Island Raccoons , Ryan Carpenter 32 (Darren Helm 15, Phillip Di Giuseppe 26) at 2:21 (PP)
6. Rock Island Raccoons , Ryan Carpenter 33 (Darren Helm 16, Phillip Di Giuseppe 27) at 3:33 (PP)
7. Rock Island Raccoons , Martin Chromiak 13 (Eric Robinson 35, Filip Chytil 9) at 7:21
8. Quebec Remparts , Hendrix Lapierre 23 (Joshua Roy 47) at 17:29 (PP)
Penalties :
Ethan Samson (QUE) for Interference (Minor) at 1:39, Dysin Mayo (QUE) for Slashing (Minor) at 3:08, Brandt Clarke (QUE) for High sticking (Minor) at 11:10, Kyle Burroughs (RIR) for Slashing (Double Minor) at 17:05
3rd period
9. Quebec Remparts , Kevin Rooney 17 (Nick Robertson 45) at 0:10
10. Quebec Remparts , Nick Robertson 38 (Kevin Rooney 46, Ethan Del Mastro 1) at 0:28
11. Rock Island Raccoons , Darren Helm 17 (Gustav Lindstrom 21, Ryan Carpenter 55) at 2:20
12. Quebec Remparts , Rasmus Kupari 13 (Olle Lycksell 8, Hendrix Lapierre 42) at 4:04
13. Quebec Remparts , Olle Lycksell 8 (Brandt Clarke 1, Rasmus Kupari 16) at 9:33
14. Rock Island Raccoons , Jujhar Khaira 34 (Craig Smith 54, Logan Stanley 15) at 11:22
15. Quebec Remparts , Joshua Roy 52 (Hendrix Lapierre 43, Paul Cotter 36) at 19:43 (PP)
Penalties :
Adam Edstrom (QUE) for High sticking (Minor) at 4:17, Donovan Sebrango (RIR) for Roughing (Minor) at 11:42, Kyle Burroughs (RIR) for Tripping (Minor) at 16:16, Logan Stanley (RIR) for Roughing (Double Minor) at 19:03
Goalie Stats
Alex Lyon (RIR), 30 saves from 38 shots - (0.789), L, 17-14-2, 60:00 minutes
Joseph Woll (QUE), 36 saves from 43 shots - (0.837), W, 30-10-4, 60:00 minutes
Players Stats for Rock Island Raccoons
Player Name G A P +/- PIM S H SB GA TA FO MP PP MP PK MP
------------------------------------------------------------------------------------
Brandon Coe 0 0 0 0 0 0 1 0 0 0 0/0 6:38 0:00 0:00
Craig Smith 1 1 2 -1 0 2 2 2 0 0 4/14 25:37 2:19 5:03
Darren Helm 2 2 4 -1 0 7 4 1 0 0 1/2 14:25 3:08 0:00
Donovan Sebrango 0 0 0 0 4 0 0 0 0 0 0/0 6:27 0:00 1:03
Eric Robinson 0 1 1 0 0 3 1 0 2 0 3/4 12:54 0:33 0:09
Erik Gustafsson 0 0 0 -3 2 1 0 1 0 1 0/0 21:10 3:01 4:27
Filip Chytil 0 1 1 0 0 2 1 0 1 0 6/10 12:39 0:30 0:00
Gustav Lindstrom 0 1 1 1 0 1 0 0 0 0 0/0 21:29 2:51 5:21
Jujhar Khaira 1 0 1 -1 0 3 0 1 1 1 16/29 20:29 2:19 5:25
Karl Henriksson 0 0 0 0 0 0 0 0 0 0 1/3 6:38 0:00 0:00
Kyle Burroughs 0 2 2 -3 6 1 1 1 0 2 0/0 25:24 3:01 3:37
Logan Stanley 0 1 1 1 4 0 0 1 1 2 0/0 20:48 2:51 4:41
Martin Chromiak 1 0 1 0 0 4 1 0 0 0 0/0 13:32 0:22 0:59
Matthew Robertson 0 0 0 0 0 1 1 1 0 0 0/0 10:48 0:00 0:00
Phillip Di Giuseppe 0 2 2 -1 0 3 0 0 2 0 1/1 14:05 3:03 0:00
Ronan Seeley 0 0 0 0 0 0 1 2 0 1 0/0 15:02 0:00 3:21
Ryan Carpenter 2 1 3 -1 0 10 2 0 1 0 13/18 20:32 3:03 5:44
Tyler Motte 0 0 0 -1 0 5 0 0 0 1 1/4 20:02 2:19 5:10
Players Stats for Quebec Remparts
Player Name G A P +/- PIM S H SB GA TA FO MP PP MP PK MP
------------------------------------------------------------------------------------
Adam Edstrom 1 0 1 4 2 4 1 1 0 0 3/4 19:05 5:40 0:09
Brandt Clarke 0 1 1 2 2 1 3 1 3 1 0/0 26:47 6:00 2:12
Carson Golder 0 0 0 0 0 1 0 0 0 0 0/0 5:36 0:00 0:00
Dysin Mayo 0 0 0 1 2 0 3 1 0 1 0/0 22:22 5:15 2:49
Ethan Del Mastro 0 1 1 1 0 0 0 0 0 1 0/0 22:01 4:43 2:59
Ethan Samson 0 0 0 -1 2 0 1 1 0 0 0/0 11:12 0:00 0:51
Hendrix Lapierre 1 2 3 -2 0 3 2 0 2 0 8/21 23:14 5:26 2:00
Ivan Ivan 0 0 0 0 0 2 0 0 0 3 1/6 7:09 0:00 1:08
Jakub Demek 0 0 0 0 0 0 0 1 0 0 0/1 11:32 0:00 0:00
Jared Davidson 0 0 0 0 0 0 0 0 0 0 0/0 3:04 0:09 0:39
Joshua Roy 1 1 2 -2 0 4 0 0 0 0 2/4 18:51 5:26 2:05
Kevin Rooney 1 2 3 4 0 4 0 0 1 0 18/33 21:47 5:40 2:51
Maximus Wanner 0 0 0 -1 0 0 2 0 0 0 0/0 10:54 0:32 0:00
Nick Robertson 2 2 4 4 0 7 1 0 0 0 0/0 18:56 5:40 0:00
Olle Lycksell 1 1 2 0 0 5 0 2 1 1 4/9 13:13 0:09 0:47
Paul Cotter 0 1 1 -2 0 3 1 0 1 0 2/5 18:51 5:26 2:05
Rasmus Kupari 1 1 2 0 2 2 3 0 0 0 1/2 12:24 0:09 0:00
Ryan Shea 0 1 1 2 0 2 1 5 0 1 0/0 27:05 6:00 2:53
3 Stars
1 - Nick Robertson (QUE)
2 - Darren Helm (RIR)
3 - Kevin Rooney (QUE)
Power Play
Rock Island Raccoons - 3 on 5 Attempt(s) - 60.00%
Quebec Remparts - 2 on 8 Attempt(s) - 25.00%
Penalty Kill
Rock Island Raccoons - 6 on 8 Attempt(s) - 75.00%
- Score 0 goal in Penalty Kill
Quebec Remparts - 2 on 5 Attempt(s) - 40.00%
- Score 0 goal in Penalty Kill
Team Stat
Rock Island Raccoons - Hits : 15 - Faceoff Wins : 46 - Blocked Shots : 10 - Penalty Minutes : 16
Quebec Remparts - Hits : 18 - Faceoff Wins : 39 - Blocked Shots : 12 - Penalty Minutes : 10
Official
Referees : Furman South and Dan O'Rourke
Linesman : Dan Kelly and Julien Fournier
Game Notes
No Game Note
Rock Island Raccoons
5 vs 5 Forward
Center Left Wing Right Wing Time % Phy DF OF
1 Jujhar Khaira Tyler Motte Craig Smith 30 1 2 2
2 Ryan Carpenter Phillip Di Giuseppe Darren Helm 30 1 2 2
3 Filip Chytil Eric Robinson Martin Chromiak 25 1 2 2
4 Karl Henriksson Craig Smith Brandon Coe 15 1 2 2
5 vs 5 Defense
Defense Defense Time % Phy DF OF
1 Kyle Burroughs Erik Gustafsson 30 1 2 2
2 Gustav Lindstrom Logan Stanley 30 1 2 2
3 Matthew Robertson Ronan Seeley 25 1 2 2
4 Donovan Sebrango Kyle Burroughs 15 1 2 2
PowerPlay Forward
Center Left Wing Right Wing Time % Phy DF OF
1 Jujhar Khaira Tyler Motte Craig Smith 50 1 2 2
2 Ryan Carpenter Phillip Di Giuseppe Darren Helm 50 1 2 2
PowerPlay Defense
Defense Defense Time % Phy DF OF
1 Kyle Burroughs Erik Gustafsson 50 1 2 2
2 Gustav Lindstrom Logan Stanley 50 1 2 2
Penalty Kill 4 Players Forward
Center Wing Time % Phy DF OF
1 Craig Smith Tyler Motte 50 1 2 2
2 Jujhar Khaira Ryan Carpenter 50 1 2 2
Penalty Kill 4 Players Defense
Defense Defense Time % Phy DF OF
1 Kyle Burroughs Erik Gustafsson 50 1 2 2
2 Gustav Lindstrom Logan Stanley 50 1 2 2
Penalty Kill - 3 Players Forward
Forward Time % Phy DF OF
1 Craig Smith 50 1 2 2
2 Tyler Motte 50 1 2 2
Penalty Kill - 3 Players Defense
Defense Defense Time % Phy DF OF
1 Kyle Burroughs Erik Gustafsson 50 1 2 2
2 Gustav Lindstrom Logan Stanley 50 1 2 2
4 vs 4 Forward
Center Wing Time % Phy DF OF
1 Craig Smith Tyler Motte 50 1 2 2
2 Jujhar Khaira Ryan Carpenter 50 1 2 2
4 vs 4 Defense
Defense Defense Time % Phy DF OF
1 Kyle Burroughs Erik Gustafsson 50 1 2 2
2 Gustav Lindstrom Logan Stanley 50 1 2 2
Last Minutes Offensive
Center Left Wing Right Wing Defense Defense
Jujhar Khaira Tyler Motte Craig Smith Kyle Burroughs Erik Gustafsson
Last Minutes Defensive
Center Left Wing Right Wing Defense Defense
Jujhar Khaira Tyler Motte Craig Smith Kyle Burroughs Erik Gustafsson
Goaltenders
Starting : Alex Lyon
Backup : Ilya Samsonov
Extra Forwards
Normal : Eric Robinson, Filip Chytil, Martin Chromiak - PP : Eric Robinson, Filip Chytil - PK : Martin Chromiak
Extra Defensemen
Normal : Matthew Robertson, Ronan Seeley, Donovan Sebrango - PP : Matthew Robertson - PK : Ronan Seeley, Donovan Sebrango
Penalty Shots
Craig Smith, Tyler Motte, Jujhar Khaira, Ryan Carpenter, Phillip Di Giuseppe
Scratches
Henrik Rybinski (Healthy), Jan Mysak (Healthy), Casey DeSmith (Healthy)
Quebec Remparts
5 vs 5 Forward
Center Left Wing Right Wing Time % Phy DF OF
1 Hendrix Lapierre Paul Cotter Joshua Roy 30 1 2 2
2 Kevin Rooney Adam Edstrom Nick Robertson 30 1 2 2
3 Olle Lycksell Rasmus Kupari Jakub Demek 25 1 2 2
4 Ivan Ivan Carson Golder Hendrix Lapierre 15 1 2 2
5 vs 5 Defense
Defense Defense Time % Phy DF OF
1 Ryan Shea Brandt Clarke 30 1 2 2
2 Dysin Mayo Ethan Del Mastro 30 1 2 2
3 Maximus Wanner Ethan Samson 25 1 2 2
4 Ryan Shea Brandt Clarke 15 1 2 2
PowerPlay Forward
Center Left Wing Right Wing Time % Phy DF OF
1 Hendrix Lapierre Paul Cotter Joshua Roy 50 1 2 2
2 Kevin Rooney Adam Edstrom Nick Robertson 50 1 2 2
PowerPlay Defense
Defense Defense Time % Phy DF OF
1 Ryan Shea Brandt Clarke 50 1 2 2
2 Dysin Mayo Ethan Del Mastro 50 1 2 2
Penalty Kill 4 Players Forward
Center Wing Time % Phy DF OF
1 Hendrix Lapierre Kevin Rooney 50 1 2 2
2 Paul Cotter Joshua Roy 50 1 2 2
Penalty Kill 4 Players Defense
Defense Defense Time % Phy DF OF
1 Ryan Shea Brandt Clarke 50 1 2 2
2 Dysin Mayo Ethan Del Mastro 50 1 2 2
Penalty Kill - 3 Players Forward
Forward Time % Phy DF OF
1 Hendrix Lapierre 50 1 2 2
2 Kevin Rooney 50 1 2 2
Penalty Kill - 3 Players Defense
Defense Defense Time % Phy DF OF
1 Ryan Shea Brandt Clarke 50 1 2 2
2 Dysin Mayo Ethan Del Mastro 50 1 2 2
4 vs 4 Forward
Center Wing Time % Phy DF OF
1 Hendrix Lapierre Kevin Rooney 50 1 2 2
2 Paul Cotter Joshua Roy 50 1 2 2
4 vs 4 Defense
Defense Defense Time % Phy DF OF
1 Ryan Shea Brandt Clarke 50 1 2 2
2 Dysin Mayo Ethan Del Mastro 50 1 2 2
Last Minutes Offensive
Center Left Wing Right Wing Defense Defense
Hendrix Lapierre Paul Cotter Joshua Roy Ryan Shea Brandt Clarke
Last Minutes Defensive
Center Left Wing Right Wing Defense Defense
Hendrix Lapierre Paul Cotter Joshua Roy Ryan Shea Brandt Clarke
Goaltenders
Starting : Joseph Woll
Backup : Devon Levi
Extra Forwards
Normal : Jared Davidson, Olle Lycksell, Ivan Ivan - PP : Jared Davidson, Olle Lycksell - PK : Ivan Ivan
Extra Defensemen
Normal : Maximus Wanner, Ethan Samson, Dysin Mayo - PP : Maximus Wanner - PK : Ethan Samson, Dysin Mayo
Penalty Shots
Hendrix Lapierre, Kevin Rooney, Paul Cotter, Joshua Roy, Nick Robertson
Scratches
Avery Hayes (Healthy), Gavin White (Healthy), Jamieson Rees (Healthy)
% Time on Ice - Rock Island Raccoons
Lines # - Real PCT - Wanted PCT - Time Play
Normal Forward
1 - 29% - 30% - 12:33
2 - 28% - 30% - 12:00
3 - 27% - 25% - 11:42
4 - 15% - 15% - 6:38
Normal Defense
1 - 32% - 30% - 13:55
2 - 31% - 30% - 13:17
3 - 25% - 25% - 10:48
4 - 11% - 15% - 4:53
PP Forward
1 - 46% - 50% - 2:41
2 - 54% - 50% - 3:11
PP Defense
1 - 51% - 50% - 3:01
2 - 49% - 50% - 2:51
PK Forward
1 - 47% - 50% - 5:19
2 - 53% - 50% - 5:56
PK Defense
1 - 52% - 50% - 5:54
2 - 48% - 50% - 5:21
PK3 Forward
1 - 0% - 50%
2 - 0% - 50%
PK3 Defense
1 - 0% - 50%
2 - 0% - 50%
44 Forward
1 - 0% - 50%
2 - 0% - 50%
44 Defense
1 - 0% - 50%
2 - 0% - 50%
Last Minute Offensive - 0:00
Last Minute Defensive - 0:00
Total
Forward - 60:00
Defense - 60:00
|
% Time on Ice - Quebec Remparts
Lines # - Real PCT - Wanted PCT - Time Play
Normal Forward
1 - 28% - 30% - 11:58
2 - 32% - 30% - 13:47
3 - 27% - 25% - 11:32
4 - 13% - 15% - 5:36
Normal Defense
1 - 31% - 30% - 13:29
2 - 33% - 30% - 14:19
3 - 24% - 25% - 10:22
4 - 11% - 15% - 4:43
PP Forward
1 - 49% - 50% - 5:32
2 - 51% - 50% - 5:43
PP Defense
1 - 53% - 50% - 6:00
2 - 47% - 50% - 5:15
PK Forward
1 - 60% - 50% - 3:32
2 - 40% - 50% - 2:20
PK Defense
1 - 49% - 50% - 2:53
2 - 51% - 50% - 2:59
PK3 Forward
1 - 0% - 50%
2 - 0% - 50%
PK3 Defense
1 - 0% - 50%
2 - 0% - 50%
44 Forward
1 - 0% - 50%
2 - 0% - 50%
44 Defense
1 - 0% - 50%
2 - 0% - 50%
Last Minute Offensive - 0:00
Last Minute Defensive - 0:00
Total
Forward - 60:00
Defense - 60:00
|
Play-by-Play
1st period
0:01 of 1st period - Tyler Motte wins face-off versus Hendrix Lapierre in neutral zone.
0:04 of 1st period - Slapshot by Craig Smith.
0:04 of 1st period - Shot Misses the Net.
0:06 of 1st period - Slapshot by Kyle Burroughs.
0:06 of 1st period - Shot Blocked by Ryan Shea.
0:32 of 1st period - Snap shot by Eric Robinson.
0:32 of 1st period - Stopped by Joseph Woll with a rebound.
1:52 of 1st period - Paul Cotter is hit by Ryan Carpenter and loses puck.
3:16 of 1st period - Wrist shot by Adam Edstrom.
3:16 of 1st period - Stopped by Alex Lyon without a rebound.
3:17 of 1st period - Kevin Rooney wins face-off versus Ryan Carpenter in Rock Island Raccoons zone.
3:24 of 1st period - Snap shot by Kevin Rooney.
3:24 of 1st period - Shot Blocked by Ronan Seeley.
3:34 of 1st period - Adam Edstrom is hit by Ryan Carpenter and loses puck.
3:52 of 1st period - Rasmus Kupari is hit by Filip Chytil and loses puck.
4:11 of 1st period - Wrist shot by Joshua Roy.
4:11 of 1st period - Shot Blocked by Logan Stanley.
4:13 of 1st period - Slapshot by Paul Cotter.
4:13 of 1st period - Shot Misses the Net.
4:15 of 1st period - Snap shot by Paul Cotter.
4:15 of 1st period - Shot Misses the Net.
4:17 of 1st period - Snap shot by Joshua Roy.
4:17 of 1st period - Shot Blocked by Craig Smith.
5:19 of 1st period - Hendrix Lapierre is hit by Ronan Seeley.
5:56 of 1st period - Icing by Hendrix Lapierre.
5:57 of 1st period - Karl Henriksson wins face-off versus Ivan Ivan in Quebec Remparts zone.
6:26 of 1st period - Snap shot by Ryan Shea.
6:26 of 1st period - Shot Misses the Net.
6:28 of 1st period - Wrist shot by Nick Robertson.
6:28 of 1st period - Stopped by Alex Lyon with a rebound.
6:30 of 1st period - Snap shot by Kevin Rooney.
6:30 of 1st period - Stopped by Alex Lyon without a rebound.
6:31 of 1st period - Jujhar Khaira wins face-off versus Kevin Rooney in Rock Island Raccoons zone.
6:31 of 1st period - Jujhar Khaira is hit by Adam Edstrom.
6:37 of 1st period - Wrist shot by Craig Smith.
6:37 of 1st period - Shot Blocked by Dysin Mayo.
6:39 of 1st period - Backhand shot by Logan Stanley.
6:39 of 1st period - Shot Misses the Net.
6:57 of 1st period - Gustav Lindstrom is hit by Rasmus Kupari and loses puck.
7:22 of 1st period - Gustav Lindstrom is hit by Paul Cotter and loses puck.
7:33 of 1st period - Wrist shot by Martin Chromiak.
7:33 of 1st period - Stopped by Joseph Woll without a rebound.
7:34 of 1st period - Olle Lycksell wins face-off versus Jujhar Khaira in Quebec Remparts zone.
7:36 of 1st period - Minor Penalty to Rasmus Kupari for Tripping.
7:37 of 1st period - Jujhar Khaira wins face-off versus Hendrix Lapierre in Quebec Remparts zone.
8:23 of 1st period - Snap shot by Darren Helm.
8:23 of 1st period - Goal by Darren Helm - Rock Island Raccoons : 1 - Quebec Remparts : 0.
8:24 of 1st period - Jujhar Khaira wins face-off versus Hendrix Lapierre in neutral zone.
8:39 of 1st period - Wrist shot by Craig Smith.
8:39 of 1st period - Stopped by Joseph Woll without a rebound.
8:40 of 1st period - Ryan Carpenter wins face-off versus Kevin Rooney in Quebec Remparts zone.
8:49 of 1st period - Wrist shot by Ryan Carpenter.
8:49 of 1st period - Stopped by Joseph Woll without a rebound.
8:50 of 1st period - Darren Helm wins face-off versus Kevin Rooney in Quebec Remparts zone.
8:51 of 1st period - Snap shot by Ryan Carpenter.
8:51 of 1st period - Stopped by Joseph Woll without a rebound.
8:52 of 1st period - Joshua Roy wins face-off versus Jujhar Khaira in Quebec Remparts zone.
9:07 of 1st period - Snap shot by Craig Smith.
9:07 of 1st period - Goal by Craig Smith - Rock Island Raccoons : 2 - Quebec Remparts : 0.
9:08 of 1st period - Craig Smith wins face-off versus Hendrix Lapierre in neutral zone.
9:17 of 1st period - Slapshot by Craig Smith.
9:17 of 1st period - Shot Misses the Net.
9:19 of 1st period - Wrist shot by Brandon Coe.
9:19 of 1st period - Shot Misses the Net.
9:21 of 1st period - Slapshot by Kyle Burroughs.
9:21 of 1st period - Stopped by Joseph Woll without a rebound.
9:22 of 1st period - Olle Lycksell wins face-off versus Ryan Carpenter in Quebec Remparts zone.
9:22 of 1st period - Olle Lycksell is hit by Darren Helm.
9:32 of 1st period - Snap shot by Ryan Carpenter.
9:32 of 1st period - Deflect By Darren Helm.
9:32 of 1st period - Stopped by Joseph Woll without a rebound.
9:33 of 1st period - Jujhar Khaira wins face-off versus Hendrix Lapierre in Quebec Remparts zone.
9:36 of 1st period - Slapshot by Tyler Motte.
9:36 of 1st period - Stopped by Joseph Woll with a rebound.
9:38 of 1st period - Slapshot by Kyle Burroughs.
9:38 of 1st period - Shot Misses the Net.
9:40 of 1st period - Wrist shot by Jujhar Khaira.
9:40 of 1st period - Shot Misses the Net.
9:58 of 1st period - Paul Cotter is hit by Darren Helm and loses puck.
10:07 of 1st period - Snap shot by Joshua Roy.
10:07 of 1st period - Shot Misses the Net.
10:09 of 1st period - Slapshot by Joshua Roy.
10:09 of 1st period - Stopped by Alex Lyon without a rebound.
10:10 of 1st period - Kevin Rooney wins face-off versus Karl Henriksson in Rock Island Raccoons zone.
11:02 of 1st period - Snap shot by Phillip Di Giuseppe.
11:02 of 1st period - Shot Misses the Net.
11:06 of 1st period - Snap shot by Phillip Di Giuseppe.
11:06 of 1st period - Deflect By Darren Helm.
11:06 of 1st period - Stopped by Joseph Woll with a rebound.
11:10 of 1st period - Wrist shot by Phillip Di Giuseppe.
11:10 of 1st period - Shot Misses the Net.
11:36 of 1st period - Kevin Rooney is hit by Brandon Coe and loses puck.
12:43 of 1st period - Snap shot by Joshua Roy.
12:43 of 1st period - Shot Misses the Net.
12:45 of 1st period - Snap shot by Paul Cotter.
12:45 of 1st period - Stopped by Alex Lyon with a rebound.
12:47 of 1st period - Snap shot by Joshua Roy.
12:47 of 1st period - Shot Blocked by Matthew Robertson.
12:49 of 1st period - Wrist shot by Joshua Roy.
12:49 of 1st period - Stopped by Alex Lyon with a rebound.
12:51 of 1st period - Slapshot by Joshua Roy.
12:51 of 1st period - Shot Misses the Net.
13:23 of 1st period - Filip Chytil is hit by Ryan Shea and loses puck.
13:45 of 1st period - Minor Penalty to Donovan Sebrango for Delaying the game.
13:46 of 1st period - Jujhar Khaira wins face-off versus Kevin Rooney in Rock Island Raccoons zone.
13:55 of 1st period - Slapshot by Ryan Carpenter.
13:55 of 1st period - Stopped by Joseph Woll without a rebound.
13:56 of 1st period - Kevin Rooney wins face-off versus Jujhar Khaira in Quebec Remparts zone.
14:24 of 1st period - Wrist shot by Joshua Roy.
14:24 of 1st period - Deflect By Hendrix Lapierre.
14:24 of 1st period - Shot Misses the Net.
14:24 of 1st period - Puck is out of play.
14:25 of 1st period - Hendrix Lapierre wins face-off versus Craig Smith in Rock Island Raccoons zone.
15:40 of 1st period - Icing by Adam Edstrom.
15:41 of 1st period - Kevin Rooney wins face-off versus Jujhar Khaira in Quebec Remparts zone.
15:45 of 1st period - Penalty to Donovan Sebrango is over, Donovan Sebrango is back on ice.
15:54 of 1st period - Snap shot by Martin Chromiak.
15:54 of 1st period - Shot Blocked by Ryan Shea.
15:56 of 1st period - Slapshot by Martin Chromiak.
15:56 of 1st period - Stopped by Joseph Woll with a rebound.
15:58 of 1st period - Snap shot by Filip Chytil.
15:58 of 1st period - Stopped by Joseph Woll with a rebound.
16:00 of 1st period - Snap shot by Martin Chromiak.
16:00 of 1st period - Shot Blocked by Ryan Shea.
16:20 of 1st period - Wrist shot by Hendrix Lapierre.
16:20 of 1st period - Shot Misses the Net.
16:22 of 1st period - Wrist shot by Paul Cotter.
16:22 of 1st period - Stopped by Alex Lyon without a rebound.
16:23 of 1st period - Kevin Rooney wins face-off versus Ryan Carpenter in Rock Island Raccoons zone.
16:26 of 1st period - Snap shot by Kevin Rooney.
16:26 of 1st period - Shot Misses the Net.
16:28 of 1st period - Wrist shot by Adam Edstrom.
16:28 of 1st period - Shot Misses the Net.
16:30 of 1st period - Snap shot by Kevin Rooney.
16:30 of 1st period - Shot Blocked by Darren Helm.
16:32 of 1st period - Wrist shot by Kevin Rooney.
16:32 of 1st period - Deflect By Nick Robertson.
16:32 of 1st period - Stopped by Alex Lyon with a rebound.
16:34 of 1st period - Wrist shot by Adam Edstrom.
16:34 of 1st period - Goal by Adam Edstrom - Rock Island Raccoons : 2 - Quebec Remparts : 1.
16:35 of 1st period - Jujhar Khaira wins face-off versus Kevin Rooney in neutral zone.
16:38 of 1st period - Nick Robertson is hit by Craig Smith and loses puck.
16:46 of 1st period - Icing by Adam Edstrom.
16:47 of 1st period - Kevin Rooney wins face-off versus Jujhar Khaira in Quebec Remparts zone.
17:12 of 1st period - Snap shot by Nick Robertson.
17:12 of 1st period - Stopped by Alex Lyon without a rebound.
17:13 of 1st period - Ryan Carpenter wins face-off versus Hendrix Lapierre in Rock Island Raccoons zone.
17:26 of 1st period - Wrist shot by Darren Helm.
17:26 of 1st period - Stopped by Joseph Woll with a rebound.
17:28 of 1st period - Snap shot by Ryan Carpenter.
17:28 of 1st period - Stopped by Joseph Woll without a rebound.
17:29 of 1st period - Adam Edstrom wins face-off versus Jujhar Khaira in Quebec Remparts zone.
18:08 of 1st period - Wrist shot by Jujhar Khaira.
18:08 of 1st period - Shot Misses the Net.
18:50 of 1st period - Wrist shot by Nick Robertson.
18:50 of 1st period - Goal by Nick Robertson - Rock Island Raccoons : 2 - Quebec Remparts : 2.
18:51 of 1st period - Filip Chytil wins face-off versus Hendrix Lapierre in neutral zone.
18:53 of 1st period - Minor Penalty to Erik Gustafsson for Hooking.
18:54 of 1st period - Hendrix Lapierre wins face-off versus Jujhar Khaira in Rock Island Raccoons zone.
19:20 of 1st period - Kyle Burroughs is hit by Dysin Mayo and loses puck.
Goals for this period are 2 for Rock Island Raccoons vs 2 for Quebec Remparts.
Shots for this period are 16 for Rock Island Raccoons vs 11 for Quebec Remparts.
2nd period
0:01 of 2nd period - Hendrix Lapierre wins face-off versus Craig Smith in neutral zone.
0:12 of 2nd period - Snap shot by Joshua Roy.
0:12 of 2nd period - Stopped by Alex Lyon with a rebound.
0:14 of 2nd period - Slapshot by Dysin Mayo.
0:14 of 2nd period - Deflect By Joshua Roy.
0:14 of 2nd period - Shot Blocked by Ronan Seeley.
0:14 of 2nd period - Puck is out of play.
0:15 of 2nd period - Kevin Rooney wins face-off versus Craig Smith in Rock Island Raccoons zone.
0:18 of 2nd period - Wrist shot by Kevin Rooney.
0:18 of 2nd period - Shot Hit the Post.
0:30 of 2nd period - Snap shot by Adam Edstrom.
0:30 of 2nd period - Stopped by Alex Lyon without a rebound.
0:31 of 2nd period - Jujhar Khaira wins face-off versus Hendrix Lapierre in Rock Island Raccoons zone.
0:38 of 2nd period - Wrist shot by Joshua Roy.
0:38 of 2nd period - Deflect By Paul Cotter.
0:38 of 2nd period - Shot Blocked by Kyle Burroughs.
0:38 of 2nd period - Puck is out of play.
0:39 of 2nd period - Paul Cotter wins face-off versus Craig Smith in Rock Island Raccoons zone.
0:53 of 2nd period - Penalty to Erik Gustafsson is over, Erik Gustafsson is back on ice.
1:00 of 2nd period - Snap shot by Jujhar Khaira.
1:00 of 2nd period - Stopped by Joseph Woll with a rebound.
1:26 of 2nd period - Snap shot by Eric Robinson.
1:26 of 2nd period - Stopped by Joseph Woll with a rebound.
1:28 of 2nd period - Slapshot by Kyle Burroughs.
1:28 of 2nd period - Shot Misses the Net.
1:30 of 2nd period - Wrist shot by Martin Chromiak.
1:30 of 2nd period - Deflect By Filip Chytil.
1:30 of 2nd period - Stopped by Joseph Woll without a rebound.
1:31 of 2nd period - Filip Chytil wins face-off versus Hendrix Lapierre in Quebec Remparts zone.
1:39 of 2nd period - Minor Penalty to Ethan Samson for Interference.
1:40 of 2nd period - Ryan Carpenter wins face-off versus Joshua Roy in Quebec Remparts zone.
2:21 of 2nd period - Snap shot by Ryan Carpenter.
2:21 of 2nd period - Goal by Ryan Carpenter - Rock Island Raccoons : 3 - Quebec Remparts : 2.
2:22 of 2nd period - Hendrix Lapierre wins face-off versus Tyler Motte in neutral zone.
2:24 of 2nd period - Off-side.
2:25 of 2nd period - Hendrix Lapierre wins face-off versus Jujhar Khaira in neutral zone.
2:34 of 2nd period - Snap shot by Joshua Roy.
2:34 of 2nd period - Shot Misses the Net.
2:51 of 2nd period - Icing by Jakub Demek.
2:52 of 2nd period - Phillip Di Giuseppe wins face-off versus Olle Lycksell in Quebec Remparts zone.
2:59 of 2nd period - Wrist shot by Ryan Carpenter.
2:59 of 2nd period - Shot Blocked by Olle Lycksell.
3:01 of 2nd period - Backhand shot by Kyle Burroughs.
3:01 of 2nd period - Shot Blocked by Ethan Samson.
3:03 of 2nd period - Snap shot by Darren Helm.
3:03 of 2nd period - Stopped by Joseph Woll without a rebound.
3:04 of 2nd period - Filip Chytil wins face-off versus Joshua Roy in Quebec Remparts zone.
3:08 of 2nd period - Minor Penalty to Dysin Mayo for Slashing.
3:09 of 2nd period - Paul Cotter wins face-off versus Jujhar Khaira in Quebec Remparts zone.
3:21 of 2nd period - Wrist shot by Tyler Motte.
3:21 of 2nd period - Shot Misses the Net.
3:23 of 2nd period - Snap shot by Jujhar Khaira.
3:23 of 2nd period - Stopped by Joseph Woll without a rebound.
3:24 of 2nd period - Ryan Carpenter wins face-off versus Paul Cotter in Quebec Remparts zone.
3:33 of 2nd period - Snap shot by Ryan Carpenter.
3:33 of 2nd period - Goal by Ryan Carpenter - Rock Island Raccoons : 4 - Quebec Remparts : 2.
3:34 of 2nd period - Filip Chytil wins face-off versus Hendrix Lapierre in neutral zone.
3:59 of 2nd period - Snap shot by Nick Robertson.
3:59 of 2nd period - Stopped by Alex Lyon with a rebound.
4:01 of 2nd period - Snap shot by Adam Edstrom.
4:01 of 2nd period - Shot Misses the Net.
4:03 of 2nd period - Slapshot by Ryan Shea.
4:03 of 2nd period - Deflect By Adam Edstrom.
4:03 of 2nd period - Stopped by Alex Lyon with a rebound.
4:05 of 2nd period - Slapshot by Ryan Shea.
4:05 of 2nd period - Stopped by Alex Lyon without a rebound.
4:06 of 2nd period - Kevin Rooney wins face-off versus Ryan Carpenter in Rock Island Raccoons zone.
4:14 of 2nd period - Icing by Ronan Seeley.
4:15 of 2nd period - Ryan Carpenter wins face-off versus Hendrix Lapierre in Rock Island Raccoons zone.
4:22 of 2nd period - Snap shot by Phillip Di Giuseppe.
4:22 of 2nd period - Shot Misses the Net.
4:24 of 2nd period - Wrist shot by Ryan Carpenter.
4:24 of 2nd period - Shot Misses the Net.
4:36 of 2nd period - Snap shot by Ryan Carpenter.
4:36 of 2nd period - Stopped by Joseph Woll with a rebound.
4:38 of 2nd period - Snap shot by Ryan Carpenter.
4:38 of 2nd period - Shot Misses the Net.
4:57 of 2nd period - Slapshot by Phillip Di Giuseppe.
4:57 of 2nd period - Deflect By Ryan Carpenter.
4:57 of 2nd period - Stopped by Joseph Woll without a rebound.
4:58 of 2nd period - Jujhar Khaira wins face-off versus Olle Lycksell in Quebec Remparts zone.
5:13 of 2nd period - Snap shot by Rasmus Kupari.
5:13 of 2nd period - Deflect By Olle Lycksell.
5:13 of 2nd period - Stopped by Alex Lyon with a rebound.
5:53 of 2nd period - Carson Golder is hit by Craig Smith.
7:04 of 2nd period - Phillip Di Giuseppe is hit by Maximus Wanner and loses puck.
7:09 of 2nd period - Snap shot by Ivan Ivan.
7:09 of 2nd period - Stopped by Alex Lyon without a rebound.
7:10 of 2nd period - Rasmus Kupari wins face-off versus Filip Chytil in Rock Island Raccoons zone.
7:21 of 2nd period - Wrist shot by Eric Robinson.
7:21 of 2nd period - Deflect By Martin Chromiak.
7:21 of 2nd period - Goal by Martin Chromiak - Rock Island Raccoons : 5 - Quebec Remparts : 2.
7:22 of 2nd period - Hendrix Lapierre wins face-off versus Filip Chytil in neutral zone.
7:49 of 2nd period - Gustav Lindstrom is hit by Rasmus Kupari and loses puck.
8:31 of 2nd period - Off-side.
8:32 of 2nd period - Olle Lycksell wins face-off versus Karl Henriksson in neutral zone.
8:54 of 2nd period - Icing by Ethan Del Mastro.
8:55 of 2nd period - Ryan Carpenter wins face-off versus Olle Lycksell in Quebec Remparts zone.
8:56 of 2nd period - Snap shot by Phillip Di Giuseppe.
8:56 of 2nd period - Stopped by Joseph Woll without a rebound.
8:57 of 2nd period - Ryan Carpenter wins face-off versus Hendrix Lapierre in Quebec Remparts zone.
10:08 of 2nd period - Icing by Paul Cotter.
10:09 of 2nd period - Joshua Roy wins face-off versus Jujhar Khaira in Quebec Remparts zone.
10:17 of 2nd period - Icing by Paul Cotter.
10:18 of 2nd period - Jujhar Khaira wins face-off versus Hendrix Lapierre in Quebec Remparts zone.
11:06 of 2nd period - Snap shot by Jujhar Khaira.
11:06 of 2nd period - Shot Misses the Net.
11:08 of 2nd period - Slapshot by Matthew Robertson.
11:08 of 2nd period - Stopped by Joseph Woll with a rebound.
11:10 of 2nd period - Minor Penalty to Brandt Clarke for High sticking.
11:11 of 2nd period - Ryan Carpenter wins face-off versus Ivan Ivan in Quebec Remparts zone.
12:03 of 2nd period - Gustav Lindstrom is hit by Ethan Samson and loses puck.
12:41 of 2nd period - Icing by Gustav Lindstrom.
12:42 of 2nd period - Eric Robinson wins face-off versus Ivan Ivan in Rock Island Raccoons zone.
13:10 of 2nd period - Penalty to Brandt Clarke is over, Brandt Clarke is back on ice.
14:10 of 2nd period - Dysin Mayo is hit by Kyle Burroughs and loses puck.
15:21 of 2nd period - Brandt Clarke is hit by Eric Robinson and loses puck.
15:52 of 2nd period - Kyle Burroughs is hit by Maximus Wanner and loses puck.
16:23 of 2nd period - Slapshot by Ivan Ivan.
16:23 of 2nd period - Deflect By Carson Golder.
16:23 of 2nd period - Shot Hit the Post.
16:23 of 2nd period - Puck is out of play.
16:24 of 2nd period - Kevin Rooney wins face-off versus Ryan Carpenter in Rock Island Raccoons zone.
16:38 of 2nd period - Icing by Ryan Shea.
16:39 of 2nd period - Kevin Rooney wins face-off versus Filip Chytil in Quebec Remparts zone.
16:54 of 2nd period - Slapshot by Erik Gustafsson.
16:54 of 2nd period - Stopped by Joseph Woll with a rebound.
17:05 of 2nd period - Double Minor Penalty to Kyle Burroughs for Slashing.
17:06 of 2nd period - Craig Smith wins face-off versus Kevin Rooney in Rock Island Raccoons zone.
17:19 of 2nd period - Slapshot by Brandt Clarke.
17:19 of 2nd period - Deflect By Adam Edstrom.
17:19 of 2nd period - Shot Blocked by Jujhar Khaira.
17:19 of 2nd period - Puck is out of play.
17:20 of 2nd period - Hendrix Lapierre wins face-off versus Craig Smith in Rock Island Raccoons zone.
17:21 of 2nd period - Wrist shot by Paul Cotter.
17:21 of 2nd period - Stopped by Alex Lyon with a rebound.
17:23 of 2nd period - Slapshot by Joshua Roy.
17:23 of 2nd period - Deflect By Hendrix Lapierre.
17:23 of 2nd period - Shot Misses the Net.
17:23 of 2nd period - Puck is out of play.
17:24 of 2nd period - Hendrix Lapierre wins face-off versus Craig Smith in Rock Island Raccoons zone.
17:27 of 2nd period - Snap shot by Joshua Roy.
17:27 of 2nd period - Shot Blocked by Craig Smith.
17:29 of 2nd period - Snap shot by Hendrix Lapierre.
17:29 of 2nd period - Goal by Hendrix Lapierre - Rock Island Raccoons : 5 - Quebec Remparts : 3.
17:30 of 2nd period - Kevin Rooney wins face-off versus Craig Smith in neutral zone.
19:29 of 2nd period - Penalty to Kyle Burroughs is over, Kyle Burroughs is back on ice.
19:33 of 2nd period - Kyle Burroughs is hit by Rasmus Kupari and loses puck.
19:43 of 2nd period - Off-side.
19:44 of 2nd period - Filip Chytil wins face-off versus Ivan Ivan in neutral zone.
19:53 of 2nd period - Wrist shot by Eric Robinson.
19:53 of 2nd period - Stopped by Joseph Woll with a rebound.
Goals for this period are 3 for Rock Island Raccoons vs 1 for Quebec Remparts.
Shots for this period are 14 for Rock Island Raccoons vs 9 for Quebec Remparts.
3rd period
0:01 of 3rd period - Kevin Rooney wins face-off versus Jujhar Khaira in neutral zone.
0:08 of 3rd period - Snap shot by Kevin Rooney.
0:08 of 3rd period - Shot Misses the Net.
0:10 of 3rd period - Snap shot by Kevin Rooney.
0:10 of 3rd period - Goal by Kevin Rooney - Rock Island Raccoons : 5 - Quebec Remparts : 4.
0:11 of 3rd period - Kevin Rooney wins face-off versus Jujhar Khaira in neutral zone.
0:14 of 3rd period - Snap shot by Nick Robertson.
0:14 of 3rd period - Stopped by Alex Lyon without a rebound.
0:15 of 3rd period - Kevin Rooney wins face-off versus Tyler Motte in Rock Island Raccoons zone.
0:18 of 3rd period - Snap shot by Kevin Rooney.
0:18 of 3rd period - Shot Misses the Net.
0:20 of 3rd period - Snap shot by Kevin Rooney.
0:20 of 3rd period - Stopped by Alex Lyon with a rebound.
0:28 of 3rd period - Snap shot by Nick Robertson.
0:28 of 3rd period - Goal by Nick Robertson - Rock Island Raccoons : 5 - Quebec Remparts : 5.
0:29 of 3rd period - Jujhar Khaira wins face-off versus Kevin Rooney in neutral zone.
0:35 of 3rd period - Icing by Ryan Shea.
0:36 of 3rd period - Jujhar Khaira wins face-off versus Kevin Rooney in Quebec Remparts zone.
0:37 of 3rd period - Snap shot by Tyler Motte.
0:37 of 3rd period - Stopped by Joseph Woll with a rebound.
0:39 of 3rd period - Slapshot by Erik Gustafsson.
0:39 of 3rd period - Shot Blocked by Ryan Shea.
0:41 of 3rd period - Snap shot by Tyler Motte.
0:41 of 3rd period - Shot Blocked by Ryan Shea.
0:43 of 3rd period - Snap shot by Tyler Motte.
0:43 of 3rd period - Shot Blocked by Brandt Clarke.
0:45 of 3rd period - Snap shot by Tyler Motte.
0:45 of 3rd period - Shot Misses the Net.
0:47 of 3rd period - Wrist shot by Tyler Motte.
0:47 of 3rd period - Stopped by Joseph Woll with a rebound.
0:49 of 3rd period - Wrist shot by Tyler Motte.
0:49 of 3rd period - Stopped by Joseph Woll without a rebound.
0:50 of 3rd period - Olle Lycksell wins face-off versus Darren Helm in Quebec Remparts zone.
0:57 of 3rd period - Olle Lycksell is hit by Darren Helm and loses puck.
2:05 of 3rd period - Snap shot by Olle Lycksell.
2:05 of 3rd period - Stopped by Alex Lyon without a rebound.
2:06 of 3rd period - Ryan Carpenter wins face-off versus Jakub Demek in Rock Island Raccoons zone.
2:18 of 3rd period - Slapshot by Gustav Lindstrom.
2:18 of 3rd period - Stopped by Joseph Woll with a rebound.
2:20 of 3rd period - Snap shot by Darren Helm.
2:20 of 3rd period - Goal by Darren Helm - Rock Island Raccoons : 6 - Quebec Remparts : 5.
2:21 of 3rd period - Jujhar Khaira wins face-off versus Kevin Rooney in neutral zone.
2:24 of 3rd period - Snap shot by Craig Smith.
2:24 of 3rd period - Shot Misses the Net.
2:35 of 3rd period - Jujhar Khaira is hit by Nick Robertson and loses puck.
4:04 of 3rd period - Wrist shot by Rasmus Kupari.
4:04 of 3rd period - Goal by Rasmus Kupari - Rock Island Raccoons : 6 - Quebec Remparts : 6.
4:05 of 3rd period - Ryan Carpenter wins face-off versus Adam Edstrom in neutral zone.
4:10 of 3rd period - Snap shot by Phillip Di Giuseppe.
4:10 of 3rd period - Stopped by Joseph Woll without a rebound.
4:11 of 3rd period - Ryan Carpenter wins face-off versus Kevin Rooney in Quebec Remparts zone.
4:17 of 3rd period - Minor Penalty to Adam Edstrom for High sticking.
4:18 of 3rd period - Jujhar Khaira wins face-off versus Paul Cotter in Quebec Remparts zone.
4:44 of 3rd period - Erik Gustafsson is hit by Brandt Clarke.
5:34 of 3rd period - Craig Smith is hit by Dysin Mayo and loses puck.
6:11 of 3rd period - Icing by Gustav Lindstrom.
6:12 of 3rd period - Eric Robinson wins face-off versus Ivan Ivan in Rock Island Raccoons zone.
6:17 of 3rd period - Penalty to Adam Edstrom is over, Adam Edstrom is back on ice.
6:17 of 3rd period - Snap shot by Olle Lycksell.
6:17 of 3rd period - Stopped by Alex Lyon without a rebound.
6:18 of 3rd period - Eric Robinson wins face-off versus Rasmus Kupari in Rock Island Raccoons zone.
6:18 of 3rd period - Eric Robinson is hit by Dysin Mayo.
6:24 of 3rd period - Wrist shot by Eric Robinson.
6:24 of 3rd period - Shot Blocked by Jakub Demek.
6:26 of 3rd period - Slapshot by Darren Helm.
6:26 of 3rd period - Shot Misses the Net.
6:28 of 3rd period - Wrist shot by Filip Chytil.
6:28 of 3rd period - Shot Misses the Net.
7:05 of 3rd period - Snap shot by Hendrix Lapierre.
7:05 of 3rd period - Stopped by Alex Lyon without a rebound.
7:06 of 3rd period - Kevin Rooney wins face-off versus Tyler Motte in Rock Island Raccoons zone.
7:33 of 3rd period - Hendrix Lapierre is hit by Matthew Robertson and loses puck.
7:53 of 3rd period - Slapshot by Gustav Lindstrom.
7:53 of 3rd period - Shot Blocked by Olle Lycksell.
7:55 of 3rd period - Wrist shot by Darren Helm.
7:55 of 3rd period - Stopped by Joseph Woll without a rebound.
7:56 of 3rd period - Ryan Carpenter wins face-off versus Olle Lycksell in Quebec Remparts zone.
8:03 of 3rd period - Wrist shot by Phillip Di Giuseppe.
8:03 of 3rd period - Stopped by Joseph Woll with a rebound.
8:37 of 3rd period - Slapshot by Ryan Shea.
8:37 of 3rd period - Stopped by Alex Lyon with a rebound.
9:04 of 3rd period - Slapshot by Olle Lycksell.
9:04 of 3rd period - Shot Misses the Net.
9:06 of 3rd period - Snap shot by Jakub Demek.
9:06 of 3rd period - Shot Blocked by Erik Gustafsson.
9:08 of 3rd period - Wrist shot by Rasmus Kupari.
9:08 of 3rd period - Stopped by Alex Lyon with a rebound.
9:33 of 3rd period - Snap shot by Olle Lycksell.
9:33 of 3rd period - Goal by Olle Lycksell - Rock Island Raccoons : 6 - Quebec Remparts : 7.
9:34 of 3rd period - Jujhar Khaira wins face-off versus Paul Cotter in neutral zone.
10:00 of 3rd period - Dysin Mayo is hit by Darren Helm and loses puck.
10:05 of 3rd period - Wrist shot by Ryan Carpenter.
10:05 of 3rd period - Stopped by Joseph Woll with a rebound.
10:07 of 3rd period - Wrist shot by Darren Helm.
10:07 of 3rd period - Shot Blocked by Adam Edstrom.
10:09 of 3rd period - Snap shot by Phillip Di Giuseppe.
10:09 of 3rd period - Deflect By Ryan Carpenter.
10:09 of 3rd period - Stopped by Joseph Woll with a rebound.
10:11 of 3rd period - Snap shot by Phillip Di Giuseppe.
10:11 of 3rd period - Shot Misses the Net.
10:21 of 3rd period - Snap shot by Hendrix Lapierre.
10:21 of 3rd period - Deflect By Carson Golder.
10:21 of 3rd period - Stopped by Alex Lyon with a rebound.
10:23 of 3rd period - Wrist shot by Ivan Ivan.
10:23 of 3rd period - Stopped by Alex Lyon with a rebound.
10:27 of 3rd period - Slapshot by Hendrix Lapierre.
10:27 of 3rd period - Stopped by Alex Lyon without a rebound.
10:28 of 3rd period - Ivan Ivan wins face-off versus Eric Robinson in Rock Island Raccoons zone.
11:20 of 3rd period - Wrist shot by Craig Smith.
11:20 of 3rd period - Shot Hit the Post.
11:22 of 3rd period - Wrist shot by Jujhar Khaira.
11:22 of 3rd period - Goal by Jujhar Khaira - Rock Island Raccoons : 7 - Quebec Remparts : 7.
11:23 of 3rd period - Adam Edstrom wins face-off versus Jujhar Khaira in neutral zone.
11:42 of 3rd period - Minor Penalty to Donovan Sebrango for Roughing.
11:43 of 3rd period - Kevin Rooney wins face-off versus Craig Smith in Rock Island Raccoons zone.
12:17 of 3rd period - Off-side.
12:18 of 3rd period - Craig Smith wins face-off versus Kevin Rooney in neutral zone.
13:38 of 3rd period - Ryan Carpenter is hit by Hendrix Lapierre and loses puck.
13:42 of 3rd period - Penalty to Donovan Sebrango is over, Donovan Sebrango is back on ice.
14:15 of 3rd period - Icing by Karl Henriksson.
14:16 of 3rd period - Filip Chytil wins face-off versus Kevin Rooney in Rock Island Raccoons zone.
14:25 of 3rd period - Snap shot by Filip Chytil.
14:25 of 3rd period - Shot Misses the Net.
14:31 of 3rd period - Snap shot by Martin Chromiak.
14:31 of 3rd period - Stopped by Joseph Woll without a rebound.
14:32 of 3rd period - Ryan Carpenter wins face-off versus Olle Lycksell in Quebec Remparts zone.
14:57 of 3rd period - Logan Stanley is hit by Hendrix Lapierre and loses puck.
16:16 of 3rd period - Minor Penalty to Kyle Burroughs for Tripping.
16:17 of 3rd period - Jujhar Khaira wins face-off versus Kevin Rooney in Rock Island Raccoons zone.
17:59 of 3rd period - Martin Chromiak is hit by Brandt Clarke and loses puck.
18:16 of 3rd period - Penalty to Kyle Burroughs is over, Kyle Burroughs is back on ice.
18:16 of 3rd period - Wrist shot by Olle Lycksell.
18:16 of 3rd period - Stopped by Alex Lyon with a rebound.
18:46 of 3rd period - Slapshot by Tyler Motte.
18:46 of 3rd period - Stopped by Joseph Woll without a rebound.
18:47 of 3rd period - Kevin Rooney wins face-off versus Filip Chytil in Quebec Remparts zone.
18:47 of 3rd period - Kevin Rooney is hit by Martin Chromiak.
19:03 of 3rd period - Double Minor Penalty to Logan Stanley for Roughing.
19:04 of 3rd period - Jujhar Khaira wins face-off versus Kevin Rooney in Rock Island Raccoons zone.
19:41 of 3rd period - Snap shot by Hendrix Lapierre.
19:41 of 3rd period - Shot Misses the Net.
19:43 of 3rd period - Snap shot by Joshua Roy.
19:43 of 3rd period - Goal by Joshua Roy - Rock Island Raccoons : 7 - Quebec Remparts : 8.
19:44 of 3rd period - Kevin Rooney wins face-off versus Craig Smith in neutral zone.
19:49 of 3rd period - Slapshot by Brandt Clarke.
19:49 of 3rd period - Deflect By Erik Gustafsson.
19:49 of 3rd period - Stopped by Alex Lyon without a rebound.
19:50 of 3rd period - Kerry Huffman call a timeout for Rock Island Raccoons.
19:50 of 3rd period - Adam Edstrom wins face-off versus Craig Smith in Rock Island Raccoons zone.
19:53 of 3rd period - Wrist shot by Kevin Rooney.
19:53 of 3rd period - Stopped by Alex Lyon without a rebound.
19:54 of 3rd period - Craig Smith wins face-off versus Kevin Rooney in Rock Island Raccoons zone.
19:54 of 3rd period - Craig Smith is hit by Brandt Clarke.
Goals for this period are 2 for Rock Island Raccoons vs 5 for Quebec Remparts.
Shots for this period are 13 for Rock Island Raccoons vs 18 for Quebec Remparts.
Back to the Top